 Dungeon Crawl Stone Soup version 0.27-a0-1149-g4505690ab0 (webtiles) character file.

Game seed: 10459145907573798651

126 leviel the Chopper (level 4, -5/41 HPs)
             Began as a Minotaur Monk on May 13, 2021.
             Splashed by Ijyb's acid (8 damage)
             ... on level 3 of the Dungeon.
             The game lasted 00:02:53 (2109 turns).

leviel the Chopper (Minotaur Monk)                  Turns: 2109, Time: 00:02:54

Health: -5/41      AC:  0    Str: 16    XL:     4   Next: 84%
Magic:  1/1        EV:  7    Int:  7    God:
Gold:   113        SH:  0    Dex: 13    Spells: 3/3 levels left

rFire    . . .     SeeInvis .   m - +1 war axe (antimagic)
rCold    . . .     Faith    .   (no shield)
rNeg     . . .     Spirit   .   h - +0 chain mail
rPois    .         Reflect  .   (helmet restricted)
rElec    .         Harm     .   (no cloak)
rCorr    .         Rampage  .   (no gloves)
Will     .....                  (no boots)
Stlth    ..........             (no amulet)
HPRegen  0.13/turn              (no ring)
MPRegen  0.07/turn              (no ring)

@: corroded
A: horns 2, retaliatory headbutt
a: no special abilities


You were on level 3 of the Dungeon.
You visited 1 branch of the dungeon, and saw 3 of its levels.

You collected 146 gold pieces.
You spent 33 gold pieces at shops.

Inventory:

Hand Weapons
 a - a +0 hand axe
 m - a +1 antimagic war axe (weapon)
Missiles
 j - 33 poisoned darts (quivered)
Armour
 h - a +0 chain mail (worn)
Scrolls
 b - 2 scrolls of amnesia {unknown}
 c - 4 scrolls of enchant armour {unknown}
 d - 2 scrolls of fog {unknown}
 e - a scroll of immolation {unknown}
 f - 3 scrolls of identify {unknown}
 i - 2 scrolls of enchant weapon {unknown}
 k - a scroll of noise {unknown}
 n - a scroll of brand weapon {unknown}
Potions
 g - a potion of curing
 l - a potion of attraction {unknown}
 o - a potion of invisibility {unknown}


   Skills:
 - Level 4.5 Fighting
 - Level 4.8 Axes
 + Level 1.5 Throwing
 - Level 0.4 Armour
 - Level 4.1 Dodging
 - Level 1.6 Stealth


You had 3 spell levels left.
You didn't know any spells.
Your spell library contained the following spells:

 Spells                   Type           Power      Damage    Failure   Level
 Sandblast                Erth           0%         2d4       100%        1
 Passwall                 Tmut/Erth      0%         N/A       100%        2
 Stone Arrow              Conj/Erth      0%         3d7       100%        3
 Petrify                  Tmut/Erth      0%         N/A       100%        4
 Lee's Rapid Deconstruct  Erth           0%         3d5*      100%        5


Dungeon Overview and Level Annotations

Branches:
Dungeon (3/15)

Altars:

Shops:
D:2 !

Annotations:
D:3 Ijyb


Innate Abilities, Weirdness & Mutations

You have a pair of horns on your head.
You reflexively headbutt those who attack you in melee.


Message History

You closely miss Ijyb. You headbutt Ijyb, but do no damage.
Ijyb is moderately wounded.
Ijyb zaps a wand.
The bolt of acid misses you.
A worm comes into view.
You hit Ijyb but do no damage. Your headbutt misses Ijyb.
Ijyb is moderately wounded.
Ijyb zaps a wand.
The bolt of acid hits you! The acid corrodes you!
You are splashed with acid!
Ijyb hits you with a +0 club.
You miss Ijyb. You headbutt Ijyb, but do no damage.
Ijyb is moderately wounded.
Ijyb screams, "Me very upset!"
Ijyb zaps a wand.
The bolt of acid hits you! The acid corrodes you!
You are splashed with acid!
* * * LOW HITPOINT WARNING * * *
You are too injured to fight recklessly!
You are too injured to fight recklessly!
You are too injured to fight recklessly!
You are too injured to fight recklessly!
You are too injured to fight recklessly!
You are too injured to fight recklessly!
There are monsters nearby!
You feel better. Ijyb hits you with a +0 club.
* * * LOW HITPOINT WARNING * * *
You feel better. Ijyb hits you with a +0 club.
* * * LOW HITPOINT WARNING * * *
You feel better. Ijyb completely misses you.
You hit Ijyb but do no damage.
Ijyb is moderately wounded.
Ijyb barely misses you.
You barely miss Ijyb. Your headbutt misses Ijyb.
Ijyb is moderately wounded.
Ijyb hits you with a +0 club.
Your chain mail prevents you from hitting Ijyb.
Ijyb is moderately wounded.
Ijyb hits you with a +0 club. x2
* * * LOW HITPOINT WARNING * * *
You feel better.
Ijyb zaps a wand.
The bolt of acid hits you!
* * * LOW HITPOINT WARNING * * *
You are splashed with acid!
You die...

#.# #.# #.#
#.# #.#
###.#######
#..........
#.#.###....
#.#@# .. #
#g#


#wb #.## #.# #'# ... ... You could see Ijyb, a worm and a bat.

Vanquished Creatures
  Jessica (D:2)
  3 adders (D:2)
  2 dart slugs
  An orc (D:3)
  7 ball pythons
  7 endoplasms
  10 goblins
  4 hobgoblins
  2 jackals (D:2)
  6 quokkas
  7 bats
  3 frilled lizards
  6 kobolds
  4 rats
63 creatures vanquished.

Notes
Turn   | Place    | Note
-------+----------+-------------------------------------------
     0 | D:1      | leviel the Minotaur Monk began the quest for the Orb.
     0 | D:1      | Reached XP level 1. HP: 19/19 MP: 0/0
    55 | D:1      | Reached XP level 2. HP: 20/27 MP: 1/1
   237 | D:1      | Found a faded altar of an unknown god.
  1082 | D:2      | Reached XP level 3. HP: 33/33 MP: 2/2
  1104 | D:2      | Found Tozyar's Distillery.
  1125 | D:2      | Bought a potion of curing for 33 gold pieces
  1410 | D:2      | Reached XP level 4. HP: 30/41 MP: 3/3
  1656 | D:2      | Noticed Jessica
  1661 | D:2      | Killed Jessica
  1662 | D:2      | Reached skill level 1 in Throwing
  2093 | D:3      | Noticed Ijyb
  2109 | D:3      | Splashed by Ijyb's acid

Illustrated notes

Levels and vault maps discovered:
D:1:      grunt_arrival_crossed_arrows, layout_basic,
          ebering_ecumenical_altar_mist, grunt_decor_resistance,
          minmay_misc_feat_hallway
D:2:      layout_rooms, serial_shops, shop, minmay_increasing_density,
          uniq_jessica
D:3:      layout_basic, grunt_decor_arrowhead, uniq_ijyb

Skill      XL: |  1  2  3  4 |
---------------+-------------+-----
Fighting       | 4 |  4.5
Axes           | 4 |  4.8
Dodging        | 4 |  4.1
Throwing       | 1 |  1.5
Armour         | |  0.4
Stealth        | |  1.6

Action                   |  1- 3 |  4- 6 || total
-------------------------+-------+-------++-------
Melee: Hand axe          |    91 |    18 ||   109
       Headbutt          |    10 |     8 ||    18
       War axe           |       |    25 ||    25
  Use: Potion            |       |     4 ||     4
 Stab: Sleeping          |     1 |       ||     1
Armor: Robe              |     7 |       ||     7
       Chain mail        |    48 |    22 ||    70
Dodge: Dodged            |    67 |    15 ||    82

Table legend: (Time is in decaauts)
 A = Elapsed time spent in this place.
 B = Non-inter-level travel time spent in this place.
 C = Inter-level travel time spent in this place.
 D = Time resting spent in this place.
 E = Time spent auto-exploring this place.
 F = Levels seen in this place.
 G = Mean time per level.
                   A        B        C        D        E       F      G
               +--------+--------+--------+--------+--------+-----+--------+
         Total |   2124 |   2037 |     87 |    162 |   1539 |   3 |  708.0 |
       Dungeon |   2124 |   2037 |     87 |    162 |   1539 |   3 |  708.0 |
               +--------+--------+--------+--------+--------+-----+--------+

Top non-repeatable levels by time:
     D:1: 1082 daAuts
     D:2: 753 daAuts
     D:3: 289 daAuts
